 Dungeon Crawl Stone Soup version 0.18-a0-1570-gf60b0ab (webtiles) character file.

18 Ijustatesigmund the Insei (level 2, -1/19 HPs)
             Began as an Octopode Transmuter on Mar 14, 2016.
             Slain by a goblin
             ... wielding a +0 club
              (3 damage)
             ... on level 1 of the Dungeon.
             The game lasted 00:00:49 (384 turns).

Ijustatesigmund the Insei (Octopode Transmuter)      Turns: 384, Time: 00:00:52

Health: -1/19      AC:  1    Str:  9    XL:     2   Next: 66%
Magic:  5/5        EV: 12    Int: 15    God:
Gold:   40         SH:  0    Dex: 12    Spells: 2 memorised, 2 levels left

rFire  . . .     SeeInvis .       - Unarmed
rCold  . . .     Gourm    .     (no shield)
rNeg   . . .     Faith    .     (helmet restricted)
rPois  .         Spirit   .     (no amulet)
rElec  .         Dismiss  .     (no ring)
rCorr  .         Reflect  .     (no ring)
SustAt .         Harm     .     (no ring)
MR     .....                    (no ring)
Stlth  ++........               (no ring)
                                (no ring)
                                (no ring)
                                (no ring)

@: appendage (expiring), not resistant to hostile enchantments, unstealthy
A: almost no armour, amphibious, 8 rings, constrict 8, tentacle spike 3,
camouflage 1, gelatinous body 1
a: End Transformation


You were on level 1 of the Dungeon.
You were not hungry.
One of your tentacles had a temporary spike.
You visited 1 branch of the dungeon, and saw 1 of its levels.

You collected 40 gold pieces.

Inventory:

Missiles
 a - 27 arrows
Jewellery
 e - an uncursed ring of protection from magic {unknown}
Books
 b - a book of Changes

   Spells                             Type                      Level
   a - Beastly Appendage              Transmutation                1
   b - Sticks to Snakes               Transmutation                2
   c - Spider Form                    Transmutation/Poison         3
   d - Ice Form                       Ice/Transmutation            4
   e - Blade Hands                    Transmutation                5
Comestibles
 c - 2 bread rations


   Skills:
 + Level 1.9 Fighting
 - Level 2.0 Dodging
 + Level 3.4 Unarmed Combat
 - Level 2.0 Spellcasting
 - Level 2.0 Transmutations


You had 2 spell levels left.
You knew the following spells:

 Your Spells              Type           Power        Failure   Level  Hunger
a - Beastly Appendage     Trmt           #.....       12%         1    #......
b - Sticks to Snakes      Trmt           #.......     14%         2    ###....


Dungeon Overview and Level Annotations

Branches:
Dungeon (1/15)

Altars:


Innate Abilities, Weirdness & Mutations

You cannot wear most types of armour.
You are amphibious.
You can wear up to eight rings at the same time.
You can use your tentacles to constrict eight enemies at once.
Your skin changes colour to match your surroundings (Stealth).
Your rubbery body absorbs attacks (AC +1).
One of your tentacles bears a large vicious spike.


Message History

Your tentacle-slap misses the goblin.
The goblin is heavily wounded.
The goblin hits you but does no damage. The dart slug launches a dart at you.
The slug dart misses you.
Drink which item? (? for menu, Esc to quit)
It was a potion of curing.
You feel better. The goblin completely misses you.
The dart slug launches a dart at you. The slug dart misses you.
You barely miss the goblin. Your grab misses the goblin.
The goblin is heavily wounded.
The goblin hits you but does no damage.
You barely miss the goblin. You grab the goblin.
The goblin is heavily wounded.
You constrict the goblin. The dart slug launches a dart at you.
The slug dart hits you!
* * * LOW HITPOINT WARNING * * *
The goblin hits you with a club.
You die...

#.#. #### #.#. ... #.#.
.#####.#############.#.
........(..............
######(############.#.
####..# #.#. #.....#
#.## #..@..# #...
#.).g.# #######
..w........ .......
...##......#############
.. #....#.##≈§§§#.#§§§≈
. #....#.#§§§§§#.#§§§§
#....#.#≈§#§ #)# §#§
#....# #§§§§§#.#§§§§
#§≈§§§#<#≈§§§


You could see a dart slug and a goblin.

Vanquished Creatures
  An adder (D:1)
  A bat (D:1)
  A giant cockroach (D:1)
  A goblin (D:1)
  2 hobgoblins (D:1)
  A kobold (D:1)
  A rat (D:1)
8 creatures vanquished.

Notes
Turn   | Place    | Note
--------------------------------------------------------------
     0 | D:1      | Ijustatesigmund the Octopode Transmuter began the quest for the Orb.
     0 | D:1      | Reached XP level 1. HP: 13/13 MP: 3/3
   273 | D:1      | Reached XP level 2. HP: 14/19 MP: 3/5
   277 | D:1      | Learned a level 2 spell: Sticks to Snakes
   384 | D:1      | Slain by a goblin

Vault maps used:
D:1:      saegor_arrival_miasma

Action                   || total
-------------------------++-------
Melee: Unarmed           ||    21
 Cast: Beastly Appendage ||     3
  Use: Potion            ||     1
 Stab: Sleeping          ||     1
